 Dungeon Crawl Stone Soup version 0.30-a0-528-g8c47a4955b (webtiles) character file.

Game seed: 9693497028484132472

4536 cforsyth the Trooper (level 10, -4/88 HPs)
             Began as a Red Draconian Transmuter on Dec 23, 2022.
             Was a Believer of Ru.
             Slain by a wight
             ... wielding a +0 battleaxe
              (12 damage)
             ... on level 9 of the Dungeon on Dec 24, 2022.
             The game lasted 00:31:27 (8705 turns).

cforsyth the Trooper (Red Draconian Transmuter)     Turns: 8705, Time: 00:31:27

Health: -4/88      AC:  7    Str: 15    XL:     10   Next: 17%
Magic:  0/19       EV: 13    Int: 15    God:    Ru [**....]
Gold:   464        SH:  0    Dex: 12    Spells: 16/22 levels left

rFire   + + .      SeeInvis .      - Unarmed
rCold   . . .      Faith    .    (no shield)
rNeg    . . .      Spirit   +    (body armour unavailable)
rPois   .          Reflect  .    (helmet currently unavailable)
rElec   .          Harm     .    (no cloak)
rCorr   +          Rampage  .    (no gloves)
Will    .....                    (boots currently unavailable)
Stlth   +                        w - amulet of guardian spirit
HPRegen 0.34/turn                g - ring of protection from fire
MPRegen 0.16/turn                A - ring of resist corrosion

@: appendages, wereblooded (expiring)
A: horns 2, talons 2, breathe fire, AC +7, unfitting armour, fire resistance 1,
cold-blooded, hated by all
a: Breathe Fire, End Transformation, Renounce Religion


You were on level 9 of the Dungeon.
You worshipped Ru.
Ru was pleased with you.
You had temporarily grown beastly horns and talons.
You visited 2 branches of the dungeon, and saw 10 of its levels.

You collected 464 gold pieces.

Inventory:

Armour
 r - a +0 plate armour
 u - a +0 buckler
Jewellery
 g - a ring of protection from fire (left hand)
 w - an amulet of guardian spirit (around neck)
 A - a ring of resist corrosion (right hand)
Wands
 h - a wand of flame (39)
 s - a wand of charming (7)
 y - a wand of polymorph (9)
 B - a wand of iceblast (9)
 I - a wand of light (13)
Scrolls
 b - a scroll of torment {unknown}
 c - a scroll of amnesia {unknown}
 d - a scroll of enchant armour {unknown}
 e - 2 scrolls of enchant weapon {unknown}
 f - a scroll of immolation {unknown}
 i - 2 scrolls of poison {unknown}
 j - 4 scrolls of teleportation
 o - 7 scrolls of identify {unknown}
 p - 2 scrolls of blinking {unknown}
 v - a scroll of vulnerability {unknown}
 z - 2 scrolls of noise {unknown}
 D - a scroll of magic mapping {unknown}
 F - a scroll of brand weapon {unknown}
Potions
 a - a potion of lignification
 k - 2 potions of flight {unknown}
 l - 2 potions of mutation {unknown}
 m - a potion of haste
 n - a potion of attraction {unknown}
 q - 4 potions of might {unknown}
 t - 2 potions of cancellation {unknown}
 x - 2 potions of resistance
 C - a potion of degeneration {unknown}
 E - a potion of magic {unknown}
 G - a potion of berserk rage
 H - a potion of brilliance {unknown}


   Skills:
 + Level 7.6 Fighting
 - Level 5.2 Dodging
 + Level 7.5 Unarmed Combat
 + Level 6.6 Spellcasting
 + Level 7.2 Transmutations


You had 16 spell levels left.
You knew the following spells:

 Your Spells              Type           Power      Damage    Failure   Level
a - Beastly Appendage     Tmut           52%        N/A       1%          1
b - Wereblood             Tmut           26%        N/A       1%          2
c - Spider Form           Tmut/Pois      15%        N/A       10%         3

Your spell library contained the following spells:

 Spells                   Type           Power      Damage    Failure   Level
 Apportation              Tloc           8%         N/A       14%         1
 Necrotise                Necr           16%        1d4       14%         1
 Slow                     Hex            16%        N/A       14%         1
 Ice Form                 Ice/Tmut       15%        N/A       30%         4
 Confusing Touch          Hex            4%         N/A       38%         3
 Dazzling Flash           Conj/Hex       8%         N/A       38%         3
 Frozen Ramparts          Ice            8%         1d2       38%         3
 Vampiric Draining        Necr           4%         2d6       38%         3
 Yara's Violent Unravell  Hex/Tmut       7%         3d5       65%         5
 Iskenderun's Mystic Bla  Conj/Tloc      4%         2d3       80%         4
 Passage of Golubria      Tloc           4%         N/A       80%         4
 Starburst                Conj/Fire      2%         6d3       100%        6
 Summon Small Mammal      Summ           Unusable   N/A       N/A         1
 Tukima's Dance           Hex            Unusable   N/A       N/A         3
 Summon Ice Beast         Ice/Summ       Unusable   N/A       N/A         4

Dungeon Overview and Level Annotations

Branches:
Dungeon (9/15)             Temple (1/1) D:6
   Lair: D:8-11         Orc: D:9-12

Altars:
Ashenzari
Cheibriados
Dithmenos
Elyvilon
Gozag
Kikubaaqudgha
Makhleb
Nemelex Xobeh
Okawaru
Ru
Sif Muna
Vehumet
Wu Jian
Xom
The Shining One

Shops:
D:1 (   D:3 [

Annotations:
D:4 Dowan, Duvessa


Innate Abilities, Weirdness & Mutations

You have temporarily grown beastly horns and talons.
You can breathe blasts of fire.
Your fiery red scales are hard. (AC +7)
You cannot fit into any form of body armour.
Your flesh is heat resistant. (rF+)
You are cold-blooded and may be slowed by cold attacks.
You are hated by all.


Message History

The yak barely misses you.
The wight hits you from afar with a +0 halberd!
You hit the yak. You claw the yak!
You feel a bit better.
You kill the yak!
The wight barely misses you.
The centaur shoots an arrow.
The arrow closely misses you. The wight hits you with a +0 battleaxe!
The wight barely misses you.
You punch the wight! You claw the wight.
You feel a bit better.
You destroy the wight!
You howl as the wereblood boils in your veins!
The wight closely misses you. The wight misses you.
The centaur shoots an arrow.
The arrow hits you.
You barely miss the wight.
You headbutt the wight, but do no damage.
You punch the wight.
The wight is moderately damaged.
Your primal bloodlust is almost over.
The wight closely misses you. The wight hits you with a +0 battleaxe.
The centaur shoots an arrow.
The arrow hits you!
You closely miss the wight. Your headbutt misses the wight.
Your tail-slap misses the wight.
The wight is moderately damaged.
The centaur shoots an arrow.
The arrow hits you! The wight hits you with a +0 battleaxe!
The wight hits you with a +0 scimitar!
* * * LOW HITPOINT WARNING * * *
The centaur unwields a +0 shortbow.
The centaur hits you.
* * * LOW HITPOINT WARNING * * *
The centaur kicks you but does no damage.
The wight hits you but does no damage.
You punch the centaur! Your kick misses the centaur. You tail-slap the centaur.
The centaur is heavily wounded.
The centaur closely misses you. The centaur kicks you.
* * * LOW HITPOINT WARNING * * *
The centaur completely misses you.
The centaur kicks you but does no damage.
A black bear comes into view.
The wight hits you with a +0 scimitar!
* * * LOW HITPOINT WARNING * * *
The wight hits you with a +0 battleaxe!
You die...

#........ #........
#........ #........
#........
#########+##........
#............c.....h
#........(.†@z......
#...........z)......
#...................
#.......))†.........
########)###.!......
#....#.)..#........
#....'....#........
#....#....#........
#....#....#........


You could see a black bear, a centaur and 2 wights.

Vanquished Creatures
  Erica (D:8)
  A gargoyle (D:6)
  Maggie (D:6)
  Grinder (D:6)
  A wyvern (D:8)
  A yak (D:9)
  Eustachio (D:5)
  Edmund (D:5)
  4 water moccasins
  An ice beast (D:5)
  2 black bears (D:5)
  An ogre (D:5)
  2 centaurs
  2 bullfrogs
  2 necrophages
  4 scorpions
  2 wights (D:9)
  5 killer bees (D:9)
  5 jellies
  3 hounds (D:6)
  3 orc priests
  A gnoll bouda (D:7)
  6 iguanas
  4 orc wizards
  Robin (D:3)
  3 gnolls (D:7)
  13 adders
  A white imp (D:6)
  4 worms
  3 dart slugs
  25 orcs
  2 ball pythons
  6 bats
  3 endoplasms
  16 goblins
  5 hobgoblins
  4 jackals
  8 kobolds
  5 quokkas
154 creatures vanquished.

Vanquished Creatures (others)
  An orc wizard (D:7)
  12 fungi (D:9)
  22 plants
35 creatures vanquished.

Grand Total: 189 creatures vanquished

Notes
Turn   | Place    | Note
-------+----------+-------------------------------------------
     0 | D:1      | cforsyth the Draconian Transmuter began the quest for the
                  | Orb.
     0 | D:1      | Reached XP level 1. HP: 16/16 MP: 3/3
   116 | D:1      | Reached XP level 2. HP: 17/23 MP: 3/5
   226 | D:1      | Found Heapyvou's Antique Weapon Emporium.
   707 | D:2      | Reached XP level 3. HP: 29/29 MP: 4/6
  1449 | D:3      | You fall into a shaft and drop 1 floor!
  1459 | D:4      | Noticed a water moccasin
  1491 | D:4      | Reached XP level 4. HP: 36/36 MP: 5/7
  1532 | D:4      | Noticed a scorpion
  1547 | D:4      | Killed a scorpion
  1553 | D:4      | Reached XP level 5. HP: 42/42 MP: 7/9
  1569 | D:4      | Learned a level 2 spell: Wereblood
  1773 | D:3      | Found Timawus's Armour Shop.
  1781 | D:3      | Found a hazy altar of Hepliaklqana.
  2113 | D:3      | Found an opulent altar of Gozag.
  2184 | D:3      | Noticed Robin
  2188 | D:3      | Reached XP level 6. HP: 51/51 MP: 8/10
  2192 | D:3      | Killed Robin
  2732 | D:4      | Noticed Dowan
  2733 | D:4      | Noticed Duvessa
  2754 | D:5      | Entered Level 5 of the Dungeon
  2754 | D:5      | Noticed Eustachio
  2873 | D:5      | Your scales start taking on a fiery red colour.
  2873 | D:5      | Reached XP level 7. HP: 40/58 MP: 9/12
  2873 | D:5      | Gained mutation: Your flesh is heat resistant. (rF+) [Red
                  | Draconian growth]
  3601 | D:5      | Learned a level 3 spell: Spider Form
  3635 | D:5      | Noticed Edmund
  3697 | D:5      | Killed Edmund
  3698 | D:5      | Reached skill level 5 in Unarmed Combat
  3698 | D:5      | Reached XP level 8. HP: 67/67 MP: 9/14
  3926 | D:5      | Killed Eustachio
  3927 | D:5      | Reached skill level 5 in Fighting
  4237 | D:5      | Reached skill level 5 in Transmutations
  4422 | D:6      | Noticed Grinder
  4426 | D:6      | Found a staircase to the Ecumenical Temple.
  4432 | D:6      | Paralysed by Grinder for 3 turns
  4440 | D:6      | Paralysed by Grinder for 5 turns
  4449 | D:6      | Killed Grinder
  4462 | Temple   | Entered the Ecumenical Temple
  4749 | Temple   | Became a worshipper of Ru the Awakened
  4798 | D:6      | Noticed a gargoyle
  4847 | D:6      | Noticed Maggie
  4879 | D:5      | Reached skill level 5 in Dodging
  4879 | D:5      | Reached skill level 5 in Spellcasting
  5929 | D:6      | Killed Maggie
  5930 | D:6      | Reached XP level 9. HP: 59/75 MP: 9/16
  5976 | D:6      | Found a radiant altar of Vehumet.
  5980 | D:6      | Found an ancient bone altar of Kikubaaqudgha.
  5980 | D:6      | Found a shimmering blue altar of Sif Muna.
  6169 | D:6      | Found a glowing golden altar of the Shining One.
  6666 | D:6      | Killed a gargoyle
  7546 | D:8      | Found a snail-covered altar of Cheibriados.
  7599 | D:8      | Gained mutation: You are hated by all. [Ru sacrifice]
  7599 | D:8      | Reached * piety under Ru
  7599 | D:8      | Reached ** piety under Ru
  7623 | D:8      | Noticed Erica
  7640 | D:8      | Killed Erica
  7747 | D:8      | Found a shimmering altar of Xom.
  7793 | D:8      | Identified the +7 long sword of Truncation {drain, rC-
                  | Str+6 Dex-5 SInv}
  8132 | D:8      | Reached XP level 10. HP: 81/86 MP: 13/19
  8413 | D:9      | HP: 1/86 [killer bee (5)]
  8705 | D:9      | Slain by a wight

Illustrated notes

Levels and vault maps discovered:
D:1:      minmay_arrival_cross, layout_rooms, serial_shops, shop_fountains,
          minmay_split_cup_small
D:2:      layout_loops_corners
D:3:      layout_rooms, overflow_temple_1_default,
          mainiacjoe_overflow_concentric_impassable, serial_shops, shop,
          uniq_robin
D:4:      layout_loops_ring, minmay_puff, uniq_duvessa
D:5:      layout_cave_pods, uniq_eustachio, uniq_edmund
D:6:      layout_rooms, grunt_temple_overflow_magic_moments,
          nicolae_tso_carved_into_rock, minmay_temple_entry_grid,
          serial_bayou_ford_a, kennysheep_donut, uniq_grinder, uniq_maggie
D:7:      layout_rooms
D:8:      layout_basic, mainiacjoe_overflow_six_doors_small,
          lemuel_crystal_altar, lemuel_tele_altar, hex_tiny, uniq_erica
D:9:      layout_gridville, chequers_temple_overflow_minitemple,
          due_lair_maze_entry_diamond
Temple:   kb_temple_of_zot

Skill      XL: |  1  2  3  4  5  6  7  8  9 |
---------------+----------------------------+-----
Dodging        | 2 3 4 5 |  5.2
Fighting       | 2 3 4 5 7 |  7.6
Transmutations | 3 4 5 7 |  7.2
Spellcasting   | 3 4 5 6 |  6.6
Unarmed Combat | 4 5 6 7 |  7.5

Action                   |  1- 3 |  4- 6 |  7- 9 | 10-12 || total
-------------------------+-------+-------+-------+-------++-------
Melee: Unarmed           |    87 |   142 |   308 |    39 ||   576
       Kick              |    16 |    41 |    73 |    13 ||   143
       Punch             |     3 |       |     9 |     1 ||    13
       Tailslap          |    14 |    14 |    38 |     1 ||    67
       Headbutt          |     8 |    23 |    50 |     9 ||    90
 Cast: Beastly Appendage |    21 |    22 |    36 |     4 ||    83
       Wereblood         |       |     9 |    18 |     2 ||    29
       Spider Form       |       |       |     1 |       ||     1
Invok: Sacrifice Love    |       |       |     1 |       ||     1
 Abil: Breathe Fire      |       |       |     1 |       ||     1
Evoke: Wand              |       |       |     2 |       ||     2
  Use: Scroll            |       |       |     1 |       ||     1
       Potion            |       |       |       |     5 ||     5
 Stab: Distracted        |       |       |       |     1 ||     1
Armor: Skin              |    44 |    42 |   105 |    24 ||   215
Dodge: Dodged            |    58 |    69 |   238 |    45 ||   410

Table legend: (Time is in decaauts)
 A = Elapsed time spent in this place.
 B = Non-inter-level travel time spent in this place.
 C = Inter-level travel time spent in this place.
 D = Time resting spent in this place.
 E = Time spent auto-exploring this place.
 F = Levels seen in this place.
 G = Mean time per level.
                   A        B        C        D        E       F      G
               +--------+--------+--------+--------+--------+-----+--------+
         Total |   8685 |   8334 |    351 |   1467 |   4654 |  10 |  868.5 |
       Dungeon |   8369 |   8046 |    323 |   1467 |   4501 |   9 |  929.9 |
        Temple |    315 |    287 |     28 |      0 |    153 |   1 |  315.0 |
               +--------+--------+--------+--------+--------+-----+--------+

Top non-repeatable levels by time:
     D:5: 2468 daAuts
     D:6: 1235 daAuts
     D:2: 1065 daAuts
     D:4: 982 daAuts
     D:8: 799 daAuts
     D:3: 492 daAuts
     D:1: 469 daAuts
     D:7: 468 daAuts
     D:9: 386 daAuts
  Temple: 315 daAuts
